 Dungeon Crawl Stone Soup version 0.27-a0-1579-g97d2440184 (webtiles) character file.

Game seed: 5513770696102024202

27 Demosthentine the Poker (level 3, -3/28 HPs)
             Began as a Merfolk Gladiator on July 18, 2021.
             Slain by a gnoll (4 damage)
             ... on level 2 of the Dungeon.
             The game lasted 00:00:37 (1204 turns).

Demosthentine the Poker (Merfolk Gladiator)         Turns: 1204, Time: 00:00:38

Health: -3/28      AC:  4    Str: 15    XL:     3   Next: 10%
Magic:  3/3        EV: 13    Int:  7    God:
Gold:   65         SH:  0    Dex: 15    Spells: 2/2 levels left

rFire    + . .     SeeInvis .   a - +0 trident
rCold    . . .     Faith    .   (no shield)
rNeg     + . .     Spirit   .   b - +0 leather armour
rPois    .         Reflect  .   c - +0 helmet
rElec    .         Harm     .   (no cloak)
rCorr    .         Rampage  .   (no gloves)
Will     .....                  (no boots)
Stlth    +.........             (no amulet)
HPRegen  0.09/turn              e - ring of positive energy
MPRegen  0.08/turn              h - ring of protection from fire

@: no status effects
A: (nimble swimmer 2), mertail
a: no special abilities


You were on level 2 of the Dungeon.
You visited 1 branch of the dungeon, and saw 2 of its levels.

You collected 65 gold pieces.

Inventory:

Hand Weapons
 a - a +0 trident (weapon)
Missiles
 d - 3 throwing nets (quivered)
Armour
 b - a +0 leather armour (worn)
 c - a +0 helmet (worn)
Jewellery
 e - a ring of positive energy (left hand)
 h - a ring of protection from fire (right hand)
Scrolls
 f - a scroll of silence {unknown}
 g - a scroll of identify {unknown}


   Skills:
 + Level 2.7 Fighting
 + Level 4.8 Polearms
 - Level 2.0 Throwing
 + Level 0.7 Armour
 + Level 4.4 Dodging


You had 2 spell levels left.
You didn't know any spells.
Your spell library contained the following spells:

 Spells                   Type           Power      Damage    Failure   Level
 Conjure Flame            Conj/Fire      0%         6-21      86%         3
 Ignite Poison            Fire/Tmut/Pois 0%         N/A       86%         3
 Sticky Flame             Conj/Fire      0%         2d3       99%         4


Dungeon Overview and Level Annotations

Branches:
Dungeon (2/15)

Altars:


Innate Abilities, Weirdness & Mutations

((You are quick and stealthy near water. (Stealth+, EV+, Speed+++)))
Your lower body shifts to a powerful aquatic tail in water.


Message History

The bat hits you but does no damage.
A bat is nearby!
You closely miss the bat.
The bat is severely wounded.
The bat closely misses you. The bat hits you but does no damage.
A bat is nearby!
You hit the bat.
You kill the bat!
No target in view!
Found a dagger. 2 gnolls come into view.
The gnoll shouts!
You hear a shout! x2
A gnoll comes into view. It is wielding a +0 whip.
An endoplasm comes into view.
A gnoll comes into view. It is wielding a +0 flail.
The gnoll shouts!
A goblin comes into view. It is wielding a +0 dagger.
There are monsters nearby!
The gnoll shouts!
There are monsters nearby!
You reach to attack!
You hit the gnoll.
The gnoll is moderately wounded.
There are monsters nearby!
You closely miss the gnoll.
The gnoll is moderately wounded.
You barely miss the gnoll.
The gnoll is moderately wounded.
The endoplasm closely misses you. The gnoll hits you with a +0 club.
The gnoll closely misses you.
There are monsters nearby!
You closely miss the gnoll.
The gnoll is moderately wounded.
The endoplasm hits you. The gnoll hits you with a +0 whip.
The gnoll hits you with a +0 club. The gnoll hits you with a +0 whip!
* * * LOW HITPOINT WARNING * * *
There are monsters nearby!
Unknown command.
Unknown command.
The gnoll hits you with a +0 club.
You die...

.......###.#..#
#.......>..
........##.#..#
######...##
........##..^.#
#.#.#
........##..#.###
#.#.#
..............).#
#.#..
........#.....#.##
#.##..
........##.#..#..#
... ..
......#...........
..###.##..@.......
. .......gJgg.....
...##....g......
.# ##..g....... ..
##.........
#.........
...#...###
......## #.#.....


You could see 4 gnolls, an endoplasm and a goblin.

Vanquished Creatures
  2 worms (D:2)
  3 ball pythons
  4 bats
  An endoplasm (D:2)
  A goblin (D:2)
  A hobgoblin (D:2)
  4 kobolds (D:2)
  A quokka (D:2)
  3 frilled lizards (D:1)
  3 rats (D:1)
23 creatures vanquished.

Notes
Turn   | Place    | Note
-------+----------+-------------------------------------------
     0 | D:1      | Demosthentine the Merfolk Gladiator began the quest for the
                  | Orb.
     0 | D:1      | Reached XP level 1. HP: 16/16 MP: 1/1
   362 | D:1      | Found a faded altar of an unknown god.
   586 | D:1      | Reached XP level 2. HP: 23/23 MP: 2/2
  1134 | D:2      | Reached XP level 3. HP: 28/28 MP: 3/3
  1203 | D:2      | HP: 1/28 [gnoll (9)]
  1204 | D:2      | Slain by a gnoll

Illustrated notes

Levels and vault maps discovered:
D:1:      heliophobic_arrival_ceremonial_halls, layout_loops_corners,
          dilly_ecumenical_altar_fadedgnrine
D:2:      layout_rooms, serial_shops, shop_statue, minmay_box_of_dots

Action                   || total
-------------------------++-------
Melee: Trident           ||    72
  Use: Scroll            ||     2
 Stab: Sleeping          ||     3
Armor: Leather armour    ||    21
Dodge: Dodged            ||    37

Table legend: (Time is in decaauts)
 A = Elapsed time spent in this place.
 B = Non-inter-level travel time spent in this place.
 C = Inter-level travel time spent in this place.
 D = Time resting spent in this place.
 E = Time spent auto-exploring this place.
 F = Levels seen in this place.
 G = Mean time per level.
                   A        B        C        D        E       F      G
               +--------+--------+--------+--------+--------+-----+--------+
         Total |   1208 |   1208 |      0 |      0 |   1050 |   2 |  604.0 |
       Dungeon |   1208 |   1208 |      0 |      0 |   1050 |   2 |  604.0 |
               +--------+--------+--------+--------+--------+-----+--------+

Top non-repeatable levels by time:
     D:1: 961 daAuts
     D:2: 246 daAuts
